 Dungeon Crawl Stone Soup version 0.17-a0-1115-g0372368 (console) character file.

10770 Monkaria the Carver (level 11, 0/92 HPs)
             Began as a Demonspawn Chaos Knight on May 23, 2015.
             Succumbed to a trapdoor spider's poison
             ... on level 11 of the Dungeon.
             The game lasted 00:28:23 (11753 turns).

Monkaria the Carver (Demonspawn Chaos Knight)      Turns: 11753, Time: 00:28:23

Health: 0/92       AC: 14    Str: 15    XL:     11   Next: 40%
Magic:  6/11       EV: 21    Int: 16    God:    Xom [*.....]
Gold:   614        SH:  0    Dex: 20    Spells: 0 memorised, 10 levels left

rFire  . . .     SeeInvis .     V - +2 great sword
rCold  + . .     Clarity  +     b - +2 leather armour
rNeg   + . .     SustAt   .     (no shield)
rPois  .         Gourm    .     (helmet restricted)
rElec  .         Spirit   .     (no cloak)
rCorr  .         Warding  +     n - +1 pair of gloves {Dex+3}
rMut   .         Stasis   .     y - +0 pair of boots
MR     .....                    d - amulet of warding
Stlth  ++........               u - +4 ring of slaying
                                r - +4 ring of evasion

@: lethally poisoned (0 -> -8), very slightly contaminated, hasted, very quick,
not resistant to hostile enchantments, unstealthy
A: antennae 1, talons 1, icy blue scales 3, agile 2, breathe flames 2, clarity,
clever 1, demonic guardian 1, sense surroundings 1, robust 2, evolution 1,
MP-powered wands
a: Renounce Religion, Breathe Fire


You were on level 11 of the Dungeon.
You worshipped Xom.
You were a special plaything of Xom.
You were not hungry.

You visited 2 branches of the dungeon, and saw 12 of its levels.

You collected 614 gold pieces.

Inventory:

Hand weapons
 a - a +0 falchion of chaos
 H - a +2 falchion
 S - a +0 blowgun
 V - a +2 great sword (weapon)
Missiles
 q - 25 tomahawks (quivered)
 N - 34 poisoned needles
 O - 4 javelins
Armour
 b - a +2 leather armour (worn)
 e - a +2 helmet
 n - a +1 pair of gloves of dexterity (worn)
 y - a +0 pair of boots (worn)
 A - a +0 crystal plate armour
 T - the +0 leather armour of Liberty {rN+ MP+9 Int-5}
   (You found it on level 8 of the Dungeon)

   It affects your intelligence (-5).
   It protects you from negative energy.
   It affects your magic capacity (+9).
Jewellery
 d - an amulet of warding (around neck)
 r - a +4 ring of evasion (left hand)
 t - a +3 ring of dexterity
 u - a +4 ring of slaying (right hand)
 F - an uncursed ring of see invisible
Magical devices
 x - a wand of disintegration (18)
 C - a wand of flame (4)
 G - a wand of lightning (2)
 M - a wand of random effects (3)
 P - a wand of frost (19)
 R - a wand of slowing (9)
 U - a wand of flame (37)
Scrolls
 h - a scroll of immolation {unknown}
 i - a scroll of summoning {unknown}
 j - 3 scrolls of recharging
 k - 6 scrolls of teleportation
 l - a scroll of fear
 m - 2 scrolls of blinking
 o - a scroll of amnesia
 J - 2 scrolls of brand weapon {unknown}
 K - 2 scrolls of magic mapping {unknown}
 Q - a scroll of fog {unknown}
 W - a scroll of remove curse
 Z - 2 scrolls of enchant armour {unknown}
Potions
 s - 3 potions of agility
 v - a potion of might
 D - a potion of flight
 E - a potion of brilliance
 L - a potion of cancellation
Books
 B - a book of Changes

   Spells                             Type                      Level
   a - Beastly Appendage              Transmutation                1
   b - Sticks to Snakes               Transmutation                2
   c - Spider Form                    Transmutation/Poison         3
   d - Ice Form                       Ice/Transmutation            4
   e - Blade Hands                    Transmutation                5
 I - a book of Conjurations

   Spells                             Type                      Level
   a - Magic Dart                     Conjuration                  1
   b - Searing Ray                    Conjuration                  2
   c - Dazzling Spray                 Conjuration/Hexes            3
   d - Fulminant Prism                Conjuration/Hexes            4
   e - Iskenderun's Mystic Blast      Conjuration                  4
   f - Iskenderun's Battlesphere      Conjuration/Charms           5
Comestibles
 c - 8 bread rations
 f - 11 royal jellies
 g - 5 beef jerkies
 p - 4 meat rations
 w - 2 fruits
 X - 3 chunks of flesh


   Skills:
 - Level 4.0 Fighting
 - Level 11.2 Long Blades
 - Level 10.0 Armour
 + Level 7.4 Dodging


You had 10 spell levels left.
You didn't know any spells.

Dungeon Overview and Level Annotations

Branches:
Dungeon (11/15)            Temple (1/1) D:7            Lair (0/8) D:11
    Orc (0/4) D:11

Altars:
Ashenzari
Cheibriados
Dithmenos
Elyvilon
Fedhas
Gozag
Kikubaaqudgha
Makhleb
Nemelex Xobeh
Okawaru
Qazlal
Ru
Sif Muna
Trog
Vehumet
Xom
Yredelemnul
Zin
The Shining One

Shops:
D:4 :   D:8 (


Innate Abilities, Weirdness & Mutations

You have sharp toenails.
You are completely covered in icy blue scales (AC +4, EV -1, rC+).
A weak demonic guardian rushes to your aid.
You have a pair of small antennae on your head.
You are very agile. (Dex +4)
You can breathe fire.
You possess an exceptional clarity of mind.
Your mind is acute. (Int +2)
You passively map a small area around you.
You are very robust (+20% HP).
You evolve.
You expend magic power (3 MP) to strengthen your wands.


Message History

You are very lightly contaminated with residual magic.
Your actions are hasted.
Your movement speed is very quick.
Your attack speed is below average.
You are not resistant to hostile enchantments.
You feel unstealthy.
Unknown command.
* * * LOW HITPOINT WARNING * * *
You feel sick.
* * * LOW HITPOINT WARNING * * *
You feel sick.
* * * LOW HITPOINT WARNING * * *
You feel sick.
* * * LOW HITPOINT WARNING * * *
You feel sick.
* * * LOW HITPOINT WARNING * * *
You feel sick.
Xom asks Qazlal to spice things up a little.
You are now a special plaything of Xom.
You die...
Xom chortles!

* * #.# #.# #..... #.# #.#
#..... * ,#.####C###.....
* {#...>.......... *
#..5........... * ,**
#..........#### *, ,
#..........#
##.#.#####§.........#
......§@§§§.........####
##.########.........#... *
..................#... * *
*#########..)......#... *
#.............####...
####................'...
,..........#######.####.b.
#########.# .......... #)#
* ##.###....


There were no monsters in sight!

Vanquished Creatures
  The ghost of Monkaria the Skirmisher, an experienced DsCK of Xom (D:5)
  An orb spider (D:10)
  Pikel (D:8)
  An ugly thing (D:11)
  A manticore (D:11)
  The ghost of Herrn the Slasher, an experienced HEFi of Okawaru (D:7)
  A cyclops (D:8)
  A komodo dragon (D:9)
  A freezing wraith (D:11)
  Prince Ribbit (D:5)
  9 yaks (D:10)
  2 deep elf magi
  Grum (D:7)
  3 wolves (D:8)
  A hungry ghost (D:8)
  3 ice beasts
  A wasp (D:10)
  A spider (D:8)
  2 orc warriors
  4 phantoms
  3 ogres
  2 centaurs
  The ghost of Herrn the Skirmisher, an average HEFi (D:4)
  8 big kobolds (D:8)
  A gnoll sergeant (D:6)
  10 giant frogs
  A scorpion (D:7)
  7 wights
  11 killer bees
  A crimson imp (D:8)
  A centaur skeleton (D:5)
  A giant frog skeleton (D:4)
  A gnoll shaman (D:6)
  2 iguanas
  5 jellies
  3 orc priests
  5 hounds
  5 orc wizards
  10 worker ants
  4 sheep (D:8)
  A killer bee zombie (D:8)
  2 hound skeletons
  A worker ant zombie (D:11)
  Robin (D:2)
  13 gnolls
  12 adders
  A gnoll (shapeshifter) (D:9)
  A shadow imp (D:5)
  6 oozes
  2 worms (D:3)
  3 giant geckos
  39 orcs
  2 bat skeletons
  3 giant cockroaches
  12 hobgoblins
  6 jackals
  3 quokkas
  A ball python (D:1)
  23 bats
  7 giant newts
  19 goblins
  16 kobolds
  14 rats
307 creatures vanquished.

Vanquished Creatures (collateral kills)
  A yak (D:10)
  A scorpion (D:4)
  2 orcs
  A hobgoblin (D:5)
  A bat (D:3)
  A giant newt (D:4)
  A rat (D:3)
8 creatures vanquished.

Vanquished Creatures (others)
  Maurice (D:8)
  A slave (D:8)
  A big kobold (D:8)
  An iron imp (D:10)
  2 quasits
  A hound (D:5)
  An adder (D:8)
  A white imp (D:11)
  4 ufetubi
  2 kobolds (D:8)
  2 butterflies (D:4)
17 creatures vanquished.

Grand Total: 332 creatures vanquished

Notes
Turn   | Place    | Note
--------------------------------------------------------------
     0 | D:1      | Monkaria the Demonspawn Chaos Knight began the quest for the Orb.
     0 | D:1      | Reached XP level 1. HP: 18/18 MP: 1/1
    15 | D:1      | XOM: divination: detect creatures
    89 | D:1      | XOM: potion effect (brilliance)
    98 | D:1      | XOM: divination: detect creatures
   369 | D:1      | XOM: harmless Conj miscast
   398 | D:1      | Gained mutation: You are partially covered in icy blue scales (AC +1). [demonic ancestry]
   398 | D:1      | Reached XP level 2. HP: 18/24 MP: 2/2
   671 | D:1      | XOM: harmless Air miscast
   754 | D:2      | XOM: divination: magic mapping
   761 | D:2      | Reached skill level 4 in Fighting
   798 | D:2      | Found a stormy altar of Qazlal.
   964 | D:2      | Noticed Robin
   975 | D:2      | Gained mutation: You are mostly covered in icy blue scales (AC +3, EV -1). [demonic ancestry]
   975 | D:2      | Reached XP level 3. HP: 27/30 MP: 3/3
  1022 | D:2      | Killed Robin
  1090 | D:2      | Reached XP level 4. HP: 28/37 MP: 4/4
  1105 | D:2      | XOM: divination: detect creatures
  1117 | D:2      | XOM: divination: detect creatures
  1304 | D:2      | XOM: divination: detect creatures
  2008 | D:3      | Gained mutation: You are completely covered in icy blue scales (AC +4, EV -1, rC+). [demonic ancestry]
  2008 | D:3      | Reached XP level 5. HP: 37/42 MP: 5/5
  2192 | D:3      | XOM: divination: detect creatures
  2311 | D:3      | XOM: god gift: 2 fruits
  2350 | D:4      | XOM: god gift: 12 stones
  2369 | D:4      | XOM: scenery: 2 doors open
  2381 | D:4      | XOM: divination: detect items
  2393 | D:4      | XOM: cast spell 'Excruciating Wounds'
  2404 | D:4      | XOM: cast spell 'Summon Swarm'
  2417 | D:4      | Reached skill level 5 in Long Blades
  2553 | D:4      | Gained mutation: You have sharp toenails. [demonic ancestry]
  2553 | D:4      | Reached XP level 6. HP: 35/48 MP: 6/6
  2557 | D:4      | Noticed Herrn's ghost (average HEFi)
  2564 | D:4      | Killed Herrn's ghost
  2564 | D:4      | Reached skill level 6 in Long Blades
  2811 | D:4      | Noticed an ogre
  2811 | D:4      | XOM: mild Air miscast
  2818 | D:4      | XOM: butterfly on damage
  2822 | D:4      | Killed an ogre
  2851 | D:4      | Reached XP level 7. HP: 38/54 MP: 7/7
  2963 | D:4      | Reached skill level 7 in Long Blades
  3046 | D:4      | Found Odasi's Book Shop.
  3095 | D:4      | XOM: scenery: 4 doors open, 1 doors close
  3214 | D:4      | XOM: harmless Fire miscast
  3389 | D:5      | Entered Level 5 of the Dungeon
  3405 | D:5      | Noticed Prince Ribbit
  3428 | D:5      | Killed Prince Ribbit
  3428 | D:5      | Reached skill level 8 in Long Blades
  3461 | D:5      | Found a shimmering altar of Xom.
  3510 | D:5      | XOM: enchant monster (good)
  3617 | D:5      | Reached XP level 8. HP: 42/60 MP: 8/8
  3656 | D:5      | Noticed Monkaria's ghost (experienced DsCK)
  3672 | D:5      | XOM: confuse monster(s)
  3689 | D:5      | Killed Monkaria's ghost
  3689 | D:5      | Reached skill level 9 in Long Blades
  3725 | D:5      | Found a sparkling altar of Nemelex Xobeh.
  3792 | D:5      | Found a white marble altar of Elyvilon.
  4087 | D:6      | Reached skill level 10 in Long Blades
  4090 | D:6      | XOM: potion effect (berserk rage)
  4092 | D:6      | XOM: summons friendly ufetubus
  4094 | D:6      | XOM: potion effect (might)
  4101 | D:6      | XOM: potion effect (agility)
  4105 | D:6      | XOM: blink monster(s)
  4235 | D:6      | Reached XP level 9. HP: 65/65 MP: 9/9
  4453 | D:6      | XOM: medium Conj miscast
  4512 | D:6      | XOM: mild Erth miscast
  4584 | D:6      | Reached skill level 11 in Long Blades
  4891 | D:6      | XOM: harmless Fire miscast
  4971 | D:7      | Found a staircase to the Ecumenical Temple.
  5031 | Temple   | Entered the Ecumenical Temple
  5308 | D:7      | Noticed Herrn's ghost (experienced HEFi)
  5312 | D:7      | XOM: harmless Chrm miscast
  5338 | D:7      | Killed Herrn's ghost
  5546 | D:7      | XOM: mild Necr miscast
  5650 | D:7      | Reached skill level 5 in Armour
  6207 | D:8      | Noticed a cyclops
  6216 | D:8      | Killed a cyclops
  6245 | D:8      | Noticed Psyche
  6246 | D:8      | XOM: silly message
  6248 | D:8      | Noticed Psyche
  6248 | D:8      | Psyche changed into Psyche the spider
  6257 | D:8      | Killed Psyche the spider
  6402 | D:8      | XOM: confuse monster(s)
  6404 | D:8      | Reached XP level 10. HP: 71/71 MP: 10/10
  6429 | D:8      | XOM: god gift: 47 gold pieces
  6436 | D:8      | XOM: swap monsters
  6511 | D:8      | Found Azakyu Owko's Antique Weapon Shop.
  6526 | D:8      | Noticed Pikel
  6535 | D:8      | XOM: fog
  6549 | D:8      | XOM: summons 3 friendly demons
  6555 | D:8      | Killed Pikel
  6617 | D:8      | XOM: 1-stop teleportation journey
  6680 | D:8      | Got a dazzling leather armour
  6691 | D:8      | Identified the cursed +0 leather armour of Liberty {rN+ MP+9 Int-5} (You found it on level 8 of the Dungeon)
  6943 | D:8      | XOM: colour smoke trail
  6975 | D:8      | XOM: polymorph freed slave -> two-headed ogre
  7003 | D:8      | Noticed Maurice
  7006 | D:8      | Noticed Grum
  7006 | D:8      | XOM: smoke on damage
  7012 | D:8      | XOM: enchant monster (good)
  7184 | D:8      | Killed Maurice
  7466 | D:7      | Killed Grum
  7545 | D:8      | XOM: give mutation
  7545 | D:8      | Gained mutation: You are robust (+10% HP). [Xom's grace]
  7752 | D:8      | Found Azakyu Owko's Antique Weapon Shop.
  8147 | D:8      | Gained mutation: You evolve. [potion of beneficial mutation]
  8159 | D:9      | XOM: divine lightning (protected)
  8210 | D:9      | Found a glowing golden altar of the Shining One.
  8324 | D:9      | XOM: polymorph killer bee -> gnoll
  8349 | D:9      | Gained mutation: You expend magic power (3 MP) to strengthen your wands. [mutagenic meat]
  8574 | D:9      | XOM: enchant monster (good)
  8581 | D:9      | Reached skill level 10 in Armour
  8595 | D:9      | Reached skill level 1 in Dodging
  8615 | D:9      | XOM: polymorph jelly -> worker ant
  8620 | D:9      | XOM: give mutations
  8620 | D:9      | Gained mutation: Your mind is acute. (Int +2) [Xom's grace]
  8620 | D:9      | Gained mutation: You can breathe flames. [Xom's grace]
  8620 | D:9      | Gained mutation: You are agile. (Dex +2) [Xom's grace]
  8620 | D:9      | Gained mutation: You have a pair of small antennae on your head. [Xom's grace]
  9049 | D:9      | Found a blossoming altar of Fedhas.
  9335 | D:9      | XOM: give mutations
  9335 | D:9      | Gained mutation: You are very agile. (Dex +4) [Xom's grace]
  9335 | D:9      | Gained mutation: You can breathe fire. [Xom's grace]
  9335 | D:9      | Gained mutation: You are very robust (+20% HP). [Xom's grace]
  9335 | D:9      | Gained mutation: You possess an exceptional clarity of mind. [Xom's grace]
  9355 | D:9      | XOM: enchant monster (bad)
  9411 | D:9      | XOM: vitrification
  9585 | D:10     | Entered Level 10 of the Dungeon
  9756 | D:10     | Found a deep blue altar of Sif Muna.
  9908 | D:10     | Noticed an orb spider
  9908 | D:10     | a yak changed into an orb spider
  9908 | D:10     | XOM: polymorph yak -> orb spider
  9925 | D:10     | Killed an orb spider
  9925 | D:10     | Gained mutation: A weak demonic guardian rushes to your aid. [demonic ancestry]
  9925 | D:10     | Reached XP level 11. HP: 49/92 MP: 11/11
 10134 | D:10     | Reached skill level 5 in Dodging
 10207 | D:10     | XOM: polymorph iron imp -> quasit
 10210 | D:10     | XOM: god gift: runed ring mail {god gift}
 10237 | D:10     | XOM: destruction
 10344 | D:10     | XOM: vitrification
 10500 | D:11     | XOM: noise
 10554 | D:11     | XOM: vitrification
 10589 | D:11     | Found a staircase to the Lair.
 10726 | D:11     | XOM: swap monsters
 11084 | D:11     | XOM: give mutation
 11084 | D:11     | Gained mutation: You passively map a small area around you. [Xom's grace]
 11365 | D:11     | XOM: swap monsters
 11367 | D:11     | XOM: god gift: runed flail {god gift}
 11390 | D:11     | XOM: enchant monster (good)
 11397 | D:11     | XOM: cast spell 'Metabolic Englaciation'
 11585 | D:11     | XOM: god gift: trident {god gift}
 11609 | D:11     | Found a staircase to the Orcish Mines.
 11745 | D:11     | Noticed a hill giant
 11747 | D:11     | HP: 4/92 [poisoned by a trapdoor spider]
 11752 | D:11     | HP: 1/92 [poisoned by a trapdoor spider]
 11752 | D:11     | XOM: fog
 11753 | D:11     | Succumbed to a trapdoor spider's poison

Vault maps used:
D:1:      elethiomel_arrival_maze, minmay_misc_feat_plants
D:2:      grunt_qazlal_sundering, uniq_robin
D:3:      grunt_ministairs_2
D:4:      serial_shops, nicolae_shop_trees, first_bread,
          kennysheep_generic_room_16
D:5:      lemuel_doored_altar, kennysheep_mini, kennysheep_mini_moat,
          hangedman_decor_riveting, uniq_prince_ribbit1
D:7:      minmay_temple_entry_large_hall
D:8:      serial_shops, nicolae_shop_temple_entry_statues_fountains,
          special_room, uniq_grum, uniq_pikel, uniq_maurice, uniq_psyche
D:9:      lemuel_crystal_altar, tso_altar, hangedman_little_slice_of_home
D:10:     led_sif_book
D:11:     lair_0_dummy, orc_0_dummy
Temple:   circular_temple_13

Action                   |  1- 3 |  4- 6 |  7- 9 | 10-12 || total
-------------------------+-------+-------+-------+-------++-------
Melee: Falchion          |   139 |   191 |   396 |   330 ||  1056
       Great sword       |       |       |       |   183 ||   183
Throw: Tomahawk          |       |       |     6 |     3 ||     9
Evoke: Wand              |       |       |     5 |     6 ||    11
  Use: Potion            |     3 |       |     1 |     3 ||     7
       Scroll            |       |     8 |     5 |     7 ||    20
 Stab: Paralysed         |       |     1 |     9 |       ||    10
       Confused          |       |     1 |     3 |     1 ||     5
       Invisible         |       |       |     3 |       ||     3
       Petrified         |       |       |       |     1 ||     1
  Eat: Chunk             |     1 |     6 |    12 |    21 ||    40
